 Dungeon Crawl Stone Soup version 0.20-a0-903-g7e3609c (webtiles) character file.

548 Goblin1989 the Slasher (level 7, -4/52 HPs)
             Began as a Demonspawn Monk on Mar 21, 2017.
             Was a Believer of Okawaru.
             Slain by Goblin1989's ghost (11 damage)
             ... on level 5 of the Dungeon.
             The game lasted 00:09:35 (5206 turns).

Goblin1989 the Slasher (Demonspawn Monk)            Turns: 5206, Time: 00:09:35

Health: -4/52      AC:  8    Str: 13    XL:     7   Next: 7%
Magic:  14/16      EV: 15    Int: 11    God:    Okawaru [**....]
Gold:   225        SH:  0    Dex: 16    Spells: 6/6 levels left

rFire    . . .     SeeInvis +   o - +0 falchion (freeze)
rCold    + . .     Gourm    .   n - +0 ring mail
rNeg     . . .     Faith    .   (no shield)
rPois    .         Spirit   .   i - +0 helmet
rElec    .         Reflect  .   (no cloak)
rCorr    .         Harm     .   q - +0 pair of gloves
MR       .....                  (no boots)
Stlth    +++.......             c - amulet of magic regeneration
Regen    0.2/turn               s - ring of see invisible
MPRegen  0.3/turn               f - ring of magical power

@: heroism
A: blurry vision 1, cold resistance 1, powered by pain 3, evolution 1
a: Heroism, Renounce Religion


You were on level 5 of the Dungeon.
You worshipped Okawaru.
Okawaru was pleased with you.
You were not hungry.

You visited 1 branch of the dungeon, and saw 5 of its levels.
You also visited: Sewer.

You collected 225 gold pieces.

Inventory:

Hand Weapons
 a - a +1 falchion
 o - a +0 falchion of freezing (weapon)
Missiles
 Z - a throwing net {!d, =f}
Armour
 i - a +0 helmet (worn)
 n - a +0 ring mail (worn)
 q - a +0 pair of gloves (worn)
Jewellery
 c - an amulet of magic regeneration (around neck)
 f - a ring of magical power (left hand)
 s - a ring of see invisible (right hand)
Scrolls
 m - 2 scrolls of remove curse {@r2}
 p - 3 scrolls of teleportation {unknown}
 u - 2 scrolls of amnesia
 v - a scroll of enchant armour {unknown}
 w - a scroll of recharging
 R - 2 scrolls of identify {@r1}
Potions
 d - 2 potions of flight
 g - 3 potions of agility
 h - 4 potions of curing {unknown}
 k - 3 potions of heal wounds {@q2, !q}
 l - a potion of mutation
 r - a potion of might {unknown}
 x - a potion of resistance {unknown}
Comestibles
 b - 8 fruits
 e - 5 bread rations {@e1}
 j - 4 meat rations {@e2}


   Skills:
 - Level 3.0(8.0) Fighting
 + Level 7.4(12.4) Long Blades
 - Level 2.6(7.6) Dodging
 - Level 1.7(6.7) Stealth


You had 6 spell levels left.
You didn't know any spells.

Dungeon Overview and Level Annotations

Branches:
Dungeon (5/15)             Temple (0/1) D:4

Altars:
Okawaru

Shops:
D:4 [

Annotations:
D:3 Sigmund
D:5 Goblin1989's ghost, novice KoGl


Innate Abilities, Weirdness & Mutations

You are powered by pain.
Scrolls take you a little longer to read.
Your flesh is cold resistant. (rC+)
You evolve.


Message History

You hit the crimson imp. You freeze the crimson imp.
You kill the crimson imp!
Okawaru accepts your kill.
No target in view!
No target in view!
No target in view!
No target in view!
No target in view!
No target in view!
No target in view!
No target in view!
No target in view!
No target in view!
No target in view!
No target in view!
No target in view!
No target in view!
No target in view!
No target in view!
No target in view!
No target in view!
No target in view!
No target in view!
No target in view!
No target in view!
No target in view!
No target in view!
No target in view!
No target in view!
No target in view!
Goblin1989's ghost (novice Kobold Gladiator) comes into view.
Goblin1989's ghost turns its malevolent gaze towards you.
Goblin1989's ghost is nearby!
Goblin1989's ghost is nearby!
Goblin1989's ghost is nearby!
Goblin1989's ghost is nearby!
Goblin1989's ghost is nearby!
Health restored: 52 Goblin1989's ghost says, "What do you have that I didn't have?"
You gain the combat prowess of a mighty hero.
Goblin1989's ghost hits you.
You take 5 damage, and have 47/52 hp.
You now have 14/16 mp.
You hit Goblin1989's ghost. You freeze Goblin1989's ghost.
Goblin1989's ghost is lightly damaged.
Goblin1989's ghost hits you.
You take 3 damage, and have 44/52 hp.
You miss Goblin1989's ghost.
Goblin1989's ghost is lightly damaged.
Goblin1989's ghost hits you but does no damage.
Your ring mail prevents you from hitting Goblin1989's ghost.
Goblin1989's ghost is lightly damaged.
You closely miss Goblin1989's ghost.
Goblin1989's ghost is lightly damaged.
Goblin1989's ghost completely misses you.
You hit Goblin1989's ghost. You freeze Goblin1989's ghost.
Goblin1989's ghost is lightly damaged.
Goblin1989's ghost whispers, "Death is liberation."
Goblin1989's ghost hits you!
You take 6 damage, and have 38/52 hp.
You slash Goblin1989's ghost! You freeze Goblin1989's ghost.
Goblin1989's ghost is moderately damaged.
Goblin1989's ghost hits you!
You take 14 damage, and have 24/52 hp.
MASSIVE DAMAGE!!
You completely miss Goblin1989's ghost.
Goblin1989's ghost is moderately damaged.
You barely miss Goblin1989's ghost.
Goblin1989's ghost is moderately damaged.
Goblin1989's ghost hits you but does no damage.
You hit Goblin1989's ghost but do no damage.
Goblin1989's ghost is moderately damaged.
Goblin1989's ghost hits you!
* * * LOW HITPOINT WARNING * * *
You take 12 damage, and have 12/52 hp.
MASSIVE DAMAGE!!
You hit Goblin1989's ghost. You freeze Goblin1989's ghost.
Goblin1989's ghost is moderately damaged.
You hit Goblin1989's ghost but do no damage.
Goblin1989's ghost is moderately damaged.
Goblin1989's ghost hits you but does no damage.
You slash Goblin1989's ghost! You freeze Goblin1989's ghost.
You punch Goblin1989's ghost.
Goblin1989's ghost is heavily damaged.
Goblin1989's ghost hits you but does no damage.
MP restored: 16 You hit Goblin1989's ghost but do no damage.
Goblin1989's ghost is heavily damaged.
You hit Goblin1989's ghost but do no damage.
Goblin1989's ghost is heavily damaged.
You feel like a meek peon again. Goblin1989's ghost stares at you.
Goblin1989's ghost hits you.
* * * LOW HITPOINT WARNING * * *
You take 4 damage, and have 8/52 hp.
You gain the combat prowess of a mighty hero.
Goblin1989's ghost hits you.
* * * LOW HITPOINT WARNING * * *
You take 1 damage, and have 7/52 hp.
You now have 14/16 mp.
You closely miss Goblin1989's ghost.
Goblin1989's ghost is heavily damaged.
Goblin1989's ghost hits you!
You die...

█..██ ██..██ █.≈≈≈≈
██..██ █.... . ██..█
█.≈≈ ≈≈ █..██ ██.≈█ ≈█
██..██ █..≈█ .≈█ ██..██
█..≈███≈.≈██
██..████..≈≈≈≈≈.≈≈≈
█.........@W...... ███
██........≈≈≈≈≈.≈≈≈
█.████...█████.≈███≈.≈██
█...██..██ █.≈█ .≈█
█......██ █.≈█ ≈█
█......██ █.≈≈ ≈≈
█.......██ █.... .
█........█ ██....
██.....███


█████ You could see Goblin1989's ghost.

Vanquished Creatures
  A big kobold (Sewer)
  The ghost of nht the Bolt Thrower, an amateur KoAM (Sewer)
  2 crimson imps (D:5)
  2 hounds
  An orc priest (D:4)
  A hound zombie (D:5)
  A worker ant zombie (D:5)
  3 gnolls (D:3)
  10 adders
  A shadow imp (D:5)
  2 oozes
  A dart slug (D:5)
  A leopard gecko (D:1)
  8 orcs
  A ball python (D:3)
  5 giant cockroaches
  5 goblins
  6 hobgoblins
  5 jackals
  2 quokkas
  6 bats
  5 frilled lizards
  13 kobolds
  A leopard gecko skeleton (D:4)
  9 rats
93 creatures vanquished.

Notes
Turn   | Place    | Note
-------+----------+-------------------------------------------
     0 | D:1      | Goblin1989 the Demonspawn Monk began the quest for the Orb.
     0 | D:1      | Reached XP level 1. HP: 18/18 MP: 1/1
    70 | D:1      | Reached skill level 3 in Long Blades
   215 | D:1      | Gained mutation: You sometimes gain a little power by taking damage. [demonic ancestry]
   215 | D:1      | Reached XP level 2. HP: 24/24 MP: 2/2
  1480 | D:2      | Gained mutation: You sometimes gain power by taking damage. [demonic ancestry]
  1480 | D:2      | Reached XP level 3. HP: 29/29 MP: 3/3
  1688 | D:2      | Reached skill level 4 in Long Blades
  2264 | D:3      | Reached XP level 4. HP: 33/35 MP: 4/4
  2280 | D:3      | Noticed Sigmund
  2390 | D:3      | Reached skill level 5 in Long Blades
  2416 | D:3      | Found a glowing drain.
  2442 | Sewer    | Entered a sewer
  2718 | Sewer    | Noticed nht's ghost (amateur KoAM)
  2718 | Sewer    | Noticed a big kobold
  2763 | Sewer    | Gained mutation: Your flesh is cold resistant. (rC+) [potion of mutation]
  2763 | Sewer    | Gained mutation: Scrolls take you a little longer to read. [potion of mutation]
  2763 | Sewer    | Gained mutation: You evolve. [potion of mutation]
  2775 | Sewer    | Killed nht's ghost
  2775 | Sewer    | Gained mutation: You are powered by pain. [demonic ancestry]
  2775 | Sewer    | Reached XP level 5. HP: 41/41 MP: 5/5
  2789 | Sewer    | Reached skill level 6 in Long Blades
  2899 | Sewer    | Found a glowing silver altar of Zin.
  2974 | D:3      | Found an iron altar of Okawaru.
  2979 | D:3      | Reached XP level 6. HP: 44/47 MP: 6/6
  2991 | D:3      | Became a worshipper of Warmaster Okawaru
  2991 | D:3      | Reached * piety under Okawaru
  2991 | D:3      | Reached ** piety under Okawaru
  3869 | D:4      | Found a staircase to the Ecumenical Temple.
  4008 | D:4      | Found Methoxig's Armour Emporium.
  4803 | D:5      | Entered Level 5 of the Dungeon
  4821 | D:5      | Reached skill level 7 in Long Blades
  5119 | D:5      | Reached XP level 7. HP: 50/52 MP: 7/7
  5186 | D:5      | Noticed Goblin1989's ghost (novice KoGl)
  5206 | D:5      | Slain by Goblin1989's ghost

Vault maps used:
D:1:      doesnt_arrival_goblin_jail
D:3:      portal_sewer_entry_b, okawaru_ov_weapons_minmay, uniq_sigmund
D:4:      minmay_temple_entry_purple_smoke, first_bread, serial_shops,
          nicolae_shop_window_shopping, dk_vineyard_2
D:5:      kennysheep_boxes
Sewer:    sewer_kobolds

Skill      XL: |  1  2  3  4  5  6 |
---------------+-------------------+-----
Long Blades    | 3 4 5 6 7 |  7.4
Fighting       | |  3.0
Dodging        | |  2.6
Stealth        | |  1.7

Action                   |  1- 3 |  4- 6 |  7- 9 || total
-------------------------+-------+-------+-------++-------
Melee: Falchion          |   147 |   226 |    23 ||   396
       Punch             |       |       |     1 ||     1
Invok: Heroism           |       |     1 |     2 ||     3
  Use: Scroll            |     5 |     2 |       ||     7
       Potion            |       |     5 |       ||     5
 Stab: Sleeping          |     3 |     3 |       ||     6
       Distracted        |     1 |       |       ||     1
  Eat: Chunk             |     4 |     7 |       ||    11
       Fruit             |       |     1 |       ||     1
       Royal jelly       |       |     1 |       ||     1
Armor: Robe              |    14 |       |       ||    14
       Ring mail         |    31 |    83 |     5 ||   119
       Skin              |       |    11 |       ||    11
Dodge: Dodged            |   105 |   132 |     4 ||   241
       Rpst.: Falchion   |    31 |    46 |       ||    77

Vault maps used:
D:1:      doesnt_arrival_goblin_jail
D:3:      portal_sewer_entry_b, okawaru_ov_weapons_minmay, uniq_sigmund
D:4:      minmay_temple_entry_purple_smoke, first_bread, serial_shops,
          nicolae_shop_window_shopping, dk_vineyard_2
D:5:      kennysheep_boxes
Sewer:    sewer_kobolds
